AoeStats
← Delusion

Arabia

509259964Analyzed
3v3 RM · 5d ago on Sep 26, 2026· 58m 23s· 6 players
Game mode
Random Map
Map size
Normal (6 player)
Population
200
Speed
Normal
Resources
Standard
Victory
Conquest
Starting age
Dark Age
Ending age
Imperial Age
RankedLock teamsTeams togetherTeam positionsShared explorationLock speedFull tech treeHidden civsTurbo modeCheats
Victory
Defeat
🇨🇱 Varangians · Chile
1355
+11
🇨🇱 Aztecs · Chile
1290
+14
🇨🇱 Danes · Chile
1182
+19
🇦🇷 Mongols · Argentina
1311
-17
🇦🇷 Khmer · Argentina
1256
-15
🇦🇷 Wei · Argentina
1168
-12
DISCOTECA VARELA
6:27 Loom
8:53 Feudal Age
13:22 Castle Age
15:48 Double-Bit Axe
17:24 Double-Bit Axe
18:10 Horse Collar
19:13 Town Watch
22:30 Wheelbarrow
22:36 Bloodlines
22:26 Husbandry
23:44 Scale Barding Armor
25:45 Heavy Plow
26:17 Forging
26:31 Husbandry
29:51 Chain Barding Armor
29:25 Gold Mining
35:17 Hand Cart
38:52 Gold Shaft Mining
40:56 Imperial Age
40:15 Tusk Swords
41:10 Elite Battle Elephant
41:54 Scale Mail Armor
42:31 Plate Barding Armor
43:58 Crop Rotation
49:43 Iron Casting
51:25 Blast Furnace
+m<ssi
8:37 Feudal Age
8:22 Loom
9:21 Double-Bit Axe
9:18 Horse Collar
12:55 Town Watch
16:09 Forging
17:37 Wheelbarrow
23:22 Castle Age
21:36 Scale Barding Armor
23:22 Bloodlines
23:30 Gold Mining
24:16 Husbandry
26:22 Chain Barding Armor
32:56 Hand Cart
33:05 Heavy Plow
36:23 Iron Casting
36:26 Gold Shaft Mining
35:42 Stone Mining
38:44 Imperial Age
38:53 Fletching
39:03 Padded Archer Armor
39:57 Stone Shaft Mining
39:51 Thumb Ring
40:11 Parthian Tactics
40:49 Chemistry
40:09 Ballistics
40:01 Masonry
40:04 Bow Saw
40:52 Bodkin Arrow
41:12 Leather Archer Armor
47:40 Elite Mangudai
51:13 Siege Engineers
51:04 Murder Holes
52:36 Light Cavalry
Delusion
7:08 Loom
10:18 Feudal Age
11:10 Double-Bit Axe
23:00 Wheelbarrow
25:28 Castle Age
27:41 Gold Mining
28:48 Husbandry
29:56 Scale Barding Armor
30:08 Forging
30:15 Bloodlines
30:16 Stone Mining
33:23 Iron Casting
37:48 Chain Barding Armor
39:53 Hand Cart
42:55 Imperial Age
42:03 Town Watch
43:03 Town Patrol
44:40 Ming Guang Armor
48:21 Blast Furnace
49:25 Elite Tiger Cavalry
50:29 Conscription
52:24 Fletching
52:34 Padded Archer Armor
BERNARDO
5:50 Loom
9:00 Feudal Age
9:48 Double-Bit Axe
16:51 Wheelbarrow
16:20 Scale Mail Armor
17:04 Forging
17:21 Arson
22:06 Castle Age
21:53 Horse Collar
22:13 Gold Mining
22:59 Bow Saw
22:14 Eagle Warrior
24:38 Squires
26:48 Chain Mail Armor
32:33 Iron Casting
32:35 Pikeman
36:38 Fervor
39:35 Imperial Age
39:06 Hand Cart
39:23 Redemption
41:31 Blast Furnace
40:29 Gambesons
41:51 Plate Mail Armor
41:49 Garland Wars
42:22 Elite Eagle Warrior
48:10 Block Printing
48:33 Conscription
50:32 Caravan
51:43 Town Watch
52:37 Town Patrol
58:03 Capped Ram
Tecno
5:19 Loom
9:33 Feudal Age
10:38 Double-Bit Axe
12:07 Bloodlines
20:02 Wheelbarrow
21:41 Horse Collar
21:52 Gold Mining
25:09 Castle Age
24:51 Scale Barding Armor
24:57 Forging
26:26 Husbandry
27:53 Chain Barding Armor
29:57 Iron Casting
30:29 Bow Saw
33:01 Hand Cart
35:32 Town Watch
40:59 Scale Mail Armor
43:32 Imperial Age
42:03 Heavy Plow
41:55 Stone Mining
43:49 Town Patrol
44:51 Plate Barding Armor
45:16 Blast Furnace
43:51 Cavalier
49:59 Pikeman
50:40 Squires
54:07 Scale Mail Armor
55:05 Chain Mail Armor
55:57 Two-Man Saw
54:55 Halberdier
pabloyx
7:59 Loom
10:09 Feudal Age
20:27 Castle Age
19:07 Double-Bit Axe
19:03 Horse Collar
19:15 Gold Mining
19:33 Stone Mining
19:54 Fletching
21:06 Bodkin Arrow
25:17 Padded Archer Armor
25:44 Thumb Ring
26:05 Bow Saw
28:52 Wheelbarrow
30:10 Husbandry
32:15 Hand Cart
33:00 Bloodlines
33:48 Ballistics
33:25 Murder Holes
35:55 Pikeman
36:35 Squires
40:49 Imperial Age
39:33 Leather Archer Armor
39:09 Crossbowman
39:09 Elite Skirmisher
39:38 Town Watch
41:03 Gold Shaft Mining
41:03 Stone Shaft Mining
41:33 Bracer
42:03 Ring Archer Armor
40:56 Heavy Mounted Crossbowman
40:56 Cranequins
43:42 Town Patrol
43:44 Scale Mail Armor
43:54 Forging
44:56 Chemistry
43:56 Hamask
44:57 Conscription
46:52 Iron Casting
46:32 Chain Mail Armor
48:24 Chain Mail Armor
49:38 Elite Jomsviking
51:44 Plate Mail Armor
52:14 Blast Furnace
52:08 Heavy Plow
53:53 Arson
Connection lost

Rejoining the realm…

Still unreachable

The connection could not be restored.

Session expired

The server has moved on; the page needs a fresh start.